cohdb
Replays
Latest Replays
All Replays
Popular Replays
Top Player Replays
Match Explorer
How It Works
Community
CoH3 Stats
Reddit
Sign in to upload your games and track your stats! →
Sign in with Steam
Match 42176267
Unlisted
Match 42176267
Overview
Messages
Build Orders
End
Construct Infanterie Kompanie
Pioneer Squad
Grenadier Squad
Grenadier Squad
Grenadier Squad
Infanterie Officer Quarters
Medical Bunker
Construct Panzergrenadier Kompanie
Selects Breakthrough Battlegroup
Selects Assault Grenadiers
Selects Breakthrough
Selects Mechanized Assault Group
Mechanized Assault Group
Mechanized Assault Group
Construct Panzer Kompanie
Mechanized Assault Group
Sturmpanzer IV Brummbär
Selects Rapid Production
Selects Blitzkrieg
Treadz
Wolfe
0
0
Comments
sign in to comment!
No comments posted yet!